 Dungeon Crawl Stone Soup version 0.23-a0-650-ga4d50d4 (webtiles) character file.

3935 Lilu the Blocker (level 10, -3/81 HPs)
             Began as a Gnoll Fighter on Jan 6, 2019.
             Was a Follower of the Shining One.
             Killed by mirror damage (9 damage)
             ... on level 8 of the Dungeon.
             The game lasted 00:23:45 (7758 turns).

Lilu the Blocker (Gnoll Fighter)                    Turns: 7758, Time: 00:23:46

Health: -3/81      AC: 11    Str: 21    XL:     10   Next: 21%
Magic:  17/17      EV:  7    Int: 11    God:    the Shining One [*.....]
Gold:   505        SH: 18    Dex: 15    Spells: 19/19 levels left

rFire    . . .     SeeInvis .   u - +4 hand axe
rCold    . . .     Gourm    .   D - +1 large shield
rNeg     . . .     Faith    .   w - +0 chain mail
rPois    .         Spirit   .   (no helmet)
rElec    .         Reflect  .   q - scarf {repulsion}
rCorr    +         Harm     .   (no gloves)
MR       .....                  (no boots)
Stlth    ..........             (no amulet)
HPRegen  0.23/turn              F - ring of resist corrosion
MPRegen  0.15/turn              (no ring)

@: slowed, glowing, repel missiles, very slow
A: distributed training, fangs 1, strong nose
a: Renounce Religion


You were on level 8 of the Dungeon.
You worshipped the Shining One.
The Shining One was aware of your devotion.
You were not hungry.

You visited 2 branches of the dungeon, and saw 9 of its levels.

You collected 505 gold pieces.

Inventory:

Hand Weapons
 a - a +1 war axe
 u - a +4 hand axe (weapon)
Missiles
 e - 25 bolts
Armour
 c - a +0 shield
 k - a +0 cloak
 q - a scarf of repulsion (worn)
 w - a +0 chain mail (worn)
 D - a +1 large shield (worn)
Jewellery
 F - a ring of resist corrosion (left hand)
Wands
 g - a wand of polymorph (1)
 x - a wand of acid (18)
Scrolls
 j - 3 scrolls of blinking
 s - a scroll of enchant weapon
 t - 3 scrolls of remove curse
Potions
 d - a potion of might
 h - 3 potions of flight
 i - a potion of mutation
 l - 3 potions of berserk rage
 m - a potion of cancellation {unknown}
 n - a potion of brilliance {unknown}
 o - 2 potions of heal wounds
 p - a potion of curing {unknown}
 r - 2 potions of invisibility
 v - a potion of magic {unknown}
 z - a potion of lignification {unknown}
 A - a potion of agility {unknown}
Comestibles
 b - 3 chunks of flesh
 f - 20 rations


   Skills:
 + Level 8.3 Fighting
 + Level 5.0 Short Blades
 + Level 5.0 Long Blades
 + Level 6.8 Axes
 + Level 5.0 Maces & Flails
 + Level 5.0 Polearms
 + Level 5.0 Staves
 + Level 5.0 Slings
 + Level 5.0 Bows
 + Level 5.0 Crossbows
 + Level 5.0 Throwing
 + Level 8.3 Armour
 + Level 5.0 Dodging
 + Level 5.0 Stealth
 + Level 8.3 Shields
 + Level 5.0 Unarmed Combat
 + Level 5.0 Spellcasting
 + Level 4.1 Conjurations
 + Level 4.1 Hexes
 + Level 4.1 Charms
 + Level 4.1 Summonings
 + Level 4.1 Necromancy
 + Level 4.1 Translocations
 + Level 4.1 Transmutations
 + Level 4.1 Fire Magic
 + Level 4.1 Ice Magic
 + Level 4.1 Air Magic
 + Level 4.1 Earth Magic
 + Level 4.1 Poison Magic
 + Level 5.4 Invocations
 + Level 5.0 Evocations


You had 19 spell levels left.
You didn't know any spells.
Your spell library contained the following spells:

 Spells                   Type           Power        Failure   Level  Hunger
 Magic Dart               Conj           ##..         94%         1    None
 Blink                    Tloc           N/A          98%         2    ##.....
 Call Imp                 Summ           ##......     98%         2    ##.....
 Slow                     Hex            ##......     98%         2    ##.....
 Conjure Flame            Conj/Fire      ##......     100%        3    ###....
 Mephitic Cloud           Conj/Pois/Air  ##......     100%        3    ###....


Dungeon Overview and Level Annotations

Branches:
Dungeon (8/15)             Temple (1/1) D:7
   Lair: D:8-11

Altars:
Ashenzari
Cheibriados
Elyvilon
Fedhas
Gozag
Hepliaklqana
Makhleb
Nemelex Xobeh
Okawaru
Ru
Sif Muna
Trog
Uskayaw
Vehumet
Xom
Yredelemnul
Zin
The Shining One

Shops:
D:5 *   D:7 =   D:8 [


Innate Abilities, Weirdness & Mutations

Your experience applies equally to all skills.
You have very sharp teeth.
Your uncanny sense of smell can sniff out nearby items.


Message History

The acid corrodes the freezing wraith!
You destroy the freezing wraith!
The Shining One accepts your kill.
Your Short Blades skill increases to level 5!
Your Long Blades skill increases to level 5!
Your Maces & Flails skill increases to level 5!
Your Polearms skill increases to level 5!
Your Staves skill increases to level 5!
Your Slings skill increases to level 5!
Your Bows skill increases to level 5!
Your Crossbows skill increases to level 5!
Your Throwing skill increases to level 5!
Your Dodging skill increases to level 5!
Your Stealth skill increases to level 5!
Your Unarmed Combat skill increases to level 5!
Your Spellcasting skill increases to level 5!
Your Evocations skill increases to level 5!
The bolt of acid hits the death knight.
The death knight is splashed with acid.
The death knight is lightly wounded.
The death knight reflects your damage back at you!
You die...

....## #....♣## ##.♣.∩.♣
##..♣.# ##...###
#.....#############
#.................###
####...................##
.##.............@.......##
...........#####.......[.#
.....>...### ###p.......
........#########........#
.......####..............#
.....#####........$.....##
...### #.............%..#
..## #....<##.....%P.##
..# ##...#####.......#


You could see a death knight.

Vanquished Creatures
  A moth of wrath (D:8)
  2 freezing wraiths
  2 hippogriffs
  A wraith (D:7)
  An orc warrior (D:6)
  A sky beast (D:8)
  2 ice beasts
  A black bear (D:7)
  4 centaurs
  A big kobold (D:7)
  3 bullfrogs
  3 scorpions
  3 howler monkeys
  A crimson imp (D:6)
  A bullfrog zombie (D:7)
  2 centaur skeletons
  5 hounds
  3 jellies
  A quasit (D:6)
  4 orc priests
  8 orc wizards
  An iguana (D:6)
  Terence (D:3)
  4 worker ants
  4 gnolls
  8 adders
  A shadow imp (D:7)
  2 oozes
  2 adder skeletons
  3 worms
  5 dart slugs
  3 leopard geckos
  38 orcs
  9 bats
  3 giant cockroaches
  11 goblins
  5 hobgoblins
  22 jackals
  3 quokkas
  3 ball pythons
  4 frilled lizards
  A giant cockroach zombie (D:3)
  A jackal skeleton (D:7)
  A jackal zombie (D:6)
  21 kobolds
  A quokka skeleton (D:5)
  11 rats
218 creatures vanquished.

Notes
Turn   | Place    | Note
-------+----------+-------------------------------------------
     0 | D:1      | Lilu the Gnoll Fighter began the quest for the Orb.
     0 | D:1      | Reached XP level 1. HP: 23/23 MP: 1/1
   169 | D:1      | Reached XP level 2. HP: 29/29 MP: 2/2
   489 | D:1      | Reached XP level 3. HP: 35/35 MP: 3/3
   862 | D:2      | Reached skill level 1 in Invocations
   869 | D:2      | Reached skill level 1 in Short Blades
   869 | D:2      | Reached skill level 1 in Long Blades
   869 | D:2      | Reached skill level 1 in Maces & Flails
   869 | D:2      | Reached skill level 1 in Polearms
   869 | D:2      | Reached skill level 1 in Staves
   869 | D:2      | Reached skill level 1 in Slings
   869 | D:2      | Reached skill level 1 in Bows
   869 | D:2      | Reached skill level 1 in Crossbows
   869 | D:2      | Reached skill level 1 in Throwing
   869 | D:2      | Reached skill level 1 in Dodging
   869 | D:2      | Reached skill level 1 in Stealth
   869 | D:2      | Reached skill level 1 in Unarmed Combat
   869 | D:2      | Reached skill level 1 in Spellcasting
   869 | D:2      | Reached skill level 1 in Evocations
   869 | D:2      | Reached XP level 4. HP: 35/41 MP: 3/5
  1164 | D:2      | Reached skill level 1 in Conjurations
  1164 | D:2      | Reached skill level 1 in Hexes
  1164 | D:2      | Reached skill level 1 in Charms
  1164 | D:2      | Reached skill level 1 in Summonings
  1164 | D:2      | Reached skill level 1 in Necromancy
  1164 | D:2      | Reached skill level 1 in Translocations
  1164 | D:2      | Reached skill level 1 in Transmutations
  1164 | D:2      | Reached skill level 1 in Fire Magic
  1164 | D:2      | Reached skill level 1 in Ice Magic
  1164 | D:2      | Reached skill level 1 in Air Magic
  1164 | D:2      | Reached skill level 1 in Earth Magic
  1164 | D:2      | Reached skill level 1 in Poison Magic
  1164 | D:2      | Reached XP level 5. HP: 34/47 MP: 6/6
  1686 | D:3      | Noticed Terence
  1693 | D:3      | Killed Terence
  1705 | D:3      | Noticed a centaur
  1714 | D:3      | Killed a centaur
  1714 | D:3      | Reached XP level 6. HP: 53/53 MP: 8/8
  1724 | D:3      | Found a faded altar of an unknown god.
  1820 | D:3      | Reached skill level 5 in Axes
  1946 | D:3      | Found a hide-covered altar of Uskayaw.
  2775 | D:4      | Reached XP level 7. HP: 16/59 MP: 10/10
  3478 | D:5      | Entered Level 5 of the Dungeon
  3952 | D:5      | Found Xakupom's General Store.
  4441 | D:6      | Reached XP level 8. HP: 65/67 MP: 12/12
  5544 | D:7      | Reached XP level 9. HP: 49/72 MP: 14/14
  5681 | D:7      | Found a staircase to the Ecumenical Temple.
  5703 | Temple   | Entered the Ecumenical Temple
  5734 | Temple   | Became a worshipper of the Shining One
  6008 | D:7      | Found Sumpol's Jewellery Emporium.
  6638 | D:8      | Noticed a two-headed ogre
  6682 | D:8      | Noticed a death knight
  6682 | D:8      | Noticed a freezing wraith
  6684 | D:8      | Noticed a freezing wraith
  6684 | D:8      | Reached * piety under the Shining One
  6764 | D:7      | Killed a freezing wraith
  7031 | D:8      | Noticed a water nymph
  7031 | D:8      | a two-headed ogre changed into a water nymph
  7034 | D:8      | Noticed a moth of wrath
  7034 | D:8      | a water nymph changed into a moth of wrath
  7042 | D:8      | Killed a moth of wrath
  7042 | D:8      | Reached skill level 5 in Invocations
  7334 | D:8      | Reached XP level 10. HP: 75/80 MP: 17/17
  7353 | D:8      | Found Esmifa's Armour Emporium.
  7758 | D:8      | Reached skill level 5 in Short Blades
  7758 | D:8      | Reached skill level 5 in Long Blades
  7758 | D:8      | Reached skill level 5 in Maces & Flails
  7758 | D:8      | Reached skill level 5 in Polearms
  7758 | D:8      | Reached skill level 5 in Staves
  7758 | D:8      | Reached skill level 5 in Slings
  7758 | D:8      | Reached skill level 5 in Bows
  7758 | D:8      | Reached skill level 5 in Crossbows
  7758 | D:8      | Reached skill level 5 in Throwing
  7758 | D:8      | Reached skill level 5 in Dodging
  7758 | D:8      | Reached skill level 5 in Stealth
  7758 | D:8      | Reached skill level 5 in Unarmed Combat
  7758 | D:8      | Reached skill level 5 in Spellcasting
  7758 | D:8      | Reached skill level 5 in Evocations
  7758 | D:8      | Killed by mirror damage

Vault maps used:
D:1:      lemuel_arrival_funnel
D:3:      minmay_diamond_boxcup, old_standard_altar, first_ration,
          chequers_ecumenical_altar_simple, uniq_terence
D:4:      hangedman_decor_lopped, nrook_loot_triangle, serial_bayou_pond_e
D:5:      serial_shops, shop
D:6:      serial_corexii_hall, corexii_hall_statues_i, corexii_hall_statues_i,
          corexii_hall_statues_s, corexii_hall_statues_deadend,
          corexii_hall_statues_deadend, corexii_hall_statues_s,
          kennysheep_cross_room, grunt_ministairs_6
D:7:      temple_pool_b, serial_shops, shop, serial_column_ruins,
          column_ruins_hut_pillars, column_ruins_circle_large,
          column_ruins_columns_straight, column_ruins_columns_T,
          column_ruins_open_medium, column_ruins_columns_corner,
          column_ruins_grid_1, column_ruins_columns_straight,
          column_ruins_open_tiny, due_unseen_surprise
D:8:      serial_shops, nicolae_shop_trees, blue_anna_alchemist
Temple:   grunt_wide_crystal_templ

Skill      XL: |  1  2  3  4  5  6  7  8  9 10 |
---------------+-------------------------------+-----
Invocations    | 1 2 3 4 5 |  5.4
Short Blades   | 1 2 3 4 5 |  5.0
Long Blades    | 1 2 3 4 5 |  5.0
Maces & Flails | 1 2 3 4 5 |  5.0
Polearms       | 1 2 3 4 5 |  5.0
Staves         | 1 2 3 4 5 |  5.0
Slings         | 1 2 3 4 5 |  5.0
Bows           | 1 2 3 4 5 |  5.0
Crossbows      | 1 2 3 4 5 |  5.0
Throwing       | 1 2 3 4 5 |  5.0
Dodging        | 1 2 3 4 5 |  5.0
Stealth        | 1 2 3 4 5 |  5.0
Unarmed Combat | 1 2 3 4 5 |  5.0
Spellcasting   | 1 2 3 4 5 |  5.0
Evocations     | 1 2 3 4 5 |  5.0
Conjurations   | 1 2 3 4 |  4.1
Hexes          | 1 2 3 4 |  4.1
Charms         | 1 2 3 4 |  4.1
Summonings     | 1 2 3 4 |  4.1
Necromancy     | 1 2 3 4 |  4.1
Translocations | 1 2 3 4 |  4.1
Transmutations | 1 2 3 4 |  4.1
Fire Magic     | 1 2 3 4 |  4.1
Ice Magic      | 1 2 3 4 |  4.1
Air Magic      | 1 2 3 4 |  4.1
Earth Magic    | 1 2 3 4 |  4.1
Poison Magic   | 1 2 3 4 |  4.1
Axes           | 5 6 |  6.8
Fighting       | 7 8 |  8.3
Armour         | 7 8 |  8.3
Shields        | 7 8 |  8.3

Action                   |  1- 3 |  4- 6 |  7- 9 | 10-12 || total
-------------------------+-------+-------+-------+-------++-------
Melee: War axe           |    59 |   185 |   167 |       ||   411
       Bite              |     7 |    24 |    51 |     5 ||    87
       Hand axe          |       |       |   216 |    33 ||   249
Evoke: Wand              |       |       |     4 |     2 ||     6
  Use: Scroll            |       |     5 |    11 |       ||    16
       Potion            |       |       |     1 |       ||     1
  Eat: Chunk             |       |     6 |    15 |     2 ||    23
Armor: Scale mail        |    18 |    55 |    18 |       ||    91
       Chain mail        |       |       |   199 |    12 ||   211
Dodge: Dodged            |    20 |    59 |   132 |     7 ||   218
Block: Shield            |    25 |   114 |   234 |       ||   373
       Large shield      |       |       |    74 |    37 ||   111

Table legend:
 A = Non-vault XP
 B = Vault XP
 C = Vault XP percentage of total XP
 D = Non-vault monster count
 E = Vault monster count
 F = Vault count percentage of total count
                 A         B        C        D         E       F
            +---------+---------+-------+---------+---------+-------
      Total |    5568 |      54 |   1.0 |     207 |      11 |   5.0
            +---------+---------+-------+---------+---------+-------
        D:1 |      39 |       0 |   0.0 |      22 |       0 |   0.0
        D:2 |     147 |       0 |   0.0 |      25 |       0 |   0.0
        D:3 |     240 |      50 |  17.2 |      35 |       9 |  20.5
        D:4 |     219 |       0 |   0.0 |      11 |       0 |   0.0
        D:5 |     430 |       0 |   0.0 |      19 |       0 |   0.0
        D:6 |     993 |       4 |   0.4 |      38 |       2 |   5.0
        D:7 |    1635 |       0 |   0.0 |      36 |       0 |   0.0
        D:8 |    1865 |       0 |   0.0 |      21 |       0 |   0.0
            +---------+---------+-------+---------+---------+-------
